 Dungeon Crawl Stone Soup version 0.19-a0-1035-gdbfb0c6 (webtiles) character file.

114 HAL9000 the Sneak (level 4, -3/23 HPs)
             Began as a Vine Stalker Enchanter on July 29, 2016.
             Slain by a sky beast (5 damage)
             ... on level 3 of the Dungeon.
             The game lasted 00:04:37 (1825 turns).

HAL9000 the Sneak (Vine Stalker Enchanter)          Turns: 1825, Time: 00:04:38

Health: -3/23      AC:  4    Str: 13    XL:     4   Next: 98%
Magic:  0/8        EV: 12    Int: 15    God:
Gold:   39         SH:  0    Dex: 15    Spells: 3 memorised, 1 level left

rFire  . . .     SeeInvis .     a - +1 dagger
rCold  + . .     Gourm    .     b - +1 robe
rNeg   . . .     Faith    .     (no shield)
rPois  .         Spirit   +     l - +0 helmet
rElec  .         Dismiss  .     (no cloak)
rCorr  .         Reflect  .     (no gloves)
SustAt .         Harm     .     (no boots)
MR     .....                    (no amulet)
Stlth  ++........               n - +2 ring of strength
                                k - ring of protection from cold

@: not resistant to hostile enchantments, unstealthy
A: fangs 2, regeneration 1, magic shield, antimagic bite, no device heal 3, rot
immunity
a: no special abilities


You were on level 3 of the Dungeon.
You were hungry.

You visited 1 branch of the dungeon, and saw 3 of its levels.

You collected 39 gold pieces.

Inventory:

Hand Weapons
 a - a +1 dagger (weapon)
Missiles
 r - 6 javelins of penetration (quivered)
Armour
 b - a +1 robe (worn)
 l - a +0 helmet (worn)
Jewellery
 k - a ring of protection from cold (left hand)
 n - a +2 ring of strength (right hand)
Scrolls
 j - 3 scrolls of teleportation {unknown}
 m - 2 scrolls of identify {unknown}
 s - a scroll of random uselessness {unknown}
Potions
 g - a potion of curing {unknown}
 p - a potion of might {unknown}
 q - a potion of ambrosia {unknown}
 v - a potion of flight {unknown}
Books
 c - a book of Maledictions

   Spells                             Type                      Level
   a - Corona                         Hexes                        1
   b - Ensorcelled Hibernation        Hexes/Ice                    2
   c - Confuse                        Hexes                        3
   d - Tukima's Dance                 Hexes                        3
   e - Dazzling Spray                 Conjuration/Hexes            3
Comestibles
 d - 3 bread rations
 f - a beef jerky
 h - a royal jelly
 w - 2 chunks of flesh


   Skills:
 + Level 2.1 Fighting
 * Level 3.3 Short Blades
 - Level 1.5 Dodging
 - Level 3.6 Stealth
 - Level 2.1 Spellcasting
 - Level 3.0 Hexes


You had one spell level left.
You knew the following spells:

 Your Spells              Type           Power        Failure   Level  Hunger
a - Corona                Hex            ##.....      8%          1    #......
x - Confuse               Hex            ##......     21%         3    ###....
z - Ensorcelled Hibernat  Hex/Ice        #.....       17%         2    ###....


Dungeon Overview and Level Annotations

Branches:
Dungeon (3/15)

Altars:
Sif Muna
Xom
Yredelemnul


Innate Abilities, Weirdness & Mutations

You have extremely sharp teeth.
Your natural rate of healing is unusually fast.
When hurt, damage is shared between your health and your magic reserves.
Your bite disrupts and absorbs the magic of your enemies.
Potions and wands cannot restore your health.
You are immune to rotting.


Message History

You hit something. Something hits you but does no damage.
You barely miss something.
A sky beast appears from thin air!
Reactivating autopickup.
The sky beast hits you. The sky beast shocks you.
You closely miss the sky beast.
The sky beast is heavily wounded.
You hit the sky beast. Your bite misses the sky beast.
The sky beast is heavily wounded.
The sky beast misses you.
You hit the sky beast.
The sky beast is heavily wounded.
The sky beast hits you.
* * * LOW HITPOINT WARNING * * *
The sky beast shocks you.
* * * LOW HITPOINT WARNING * * *
You hit the sky beast.
You bite the sky beast, but do no damage.
The sky beast is severely wounded.
The sky beast hits you. The sky beast shocks you.
You die...

#.####.......<######.....
#.####.......#...........
#....'..)......######....
######.........#####.....
#.....##....<.......
#########.###.##....
#....[.....##.# .
#..........([.#
#......@Y..####
#.........[#
#..............
#.........#####
#)......... #.........##
#####.##+## #.


You could see a sky beast.

Vanquished Creatures
  5 adders
  3 worms (D:2)
  2 dart slugs
  A giant gecko (D:1)
  An orc (D:2)
  2 ball pythons
  5 giant cockroaches
  5 goblins
  5 hobgoblins
  7 jackals
  5 kobolds
  A quokka (D:2)
  2 bats
  A giant newt (D:2)
  8 rats
  A spectral orc (D:2)
54 creatures vanquished.

Notes
Turn   | Place    | Note
-------+----------+-------------------------------------------
     0 | D:1      | HAL9000 the Vine Stalker Enchanter began the quest for the Orb.
     0 | D:1      | Reached XP level 1. HP: 9/9 MP: 4/4
    34 | D:1      | Reached skill level 1 in Short Blades
   191 | D:1      | Reached XP level 2. HP: 14/14 MP: 6/6
   274 | D:1      | Learned a level 2 spell: Ensorcelled Hibernation
   561 | D:1      | Reached skill level 1 in Fighting
   703 | D:1      | Reached XP level 3. HP: 18/18 MP: 4/7
   735 | D:1      | Learned a level 3 spell: Confuse
  1075 | D:2      | Reached XP level 4. HP: 22/22 MP: 8/8
  1109 | D:2      | Found a deep blue altar of Sif Muna.
  1202 | D:2      | Found a shimmering altar of Xom.
  1587 | D:2      | Found a basalt altar of Yredelemnul.
  1749 | D:3      | Noticed a sky beast
  1825 | D:3      | Slain by a sky beast

Vault maps used:
D:1:      tarquinn_simple_flora_water_d
D:2:      overflow_temple_1_default, yredelemnul_forgotten_temple_becter,
          serial_forest, infiniplex_forest_corner_1,
          infiniplex_forest_straight_5, infiniplex_forest_corner_1,
          infiniplex_forest_straight_5, infiniplex_forest_3_way, first_bread,
          xom_teletrap_fun
D:3:      fedhas_altar_2, uniq_sigmund

Skill      XL: |  1  2  3  4 |
---------------+-------------+-----
Short Blades   | 1 2 3 |  3.3
Fighting       | 1 2 |  2.1
Dodging        | |  1.5
Stealth        | |  3.6
Spellcasting   | |  2.1
Hexes          | |  3.0

Action                   |  1- 3 |  4- 6 || total
-------------------------+-------+-------++-------
Melee: Dagger            |   101 |    88 ||   189
       Bite              |    13 |    25 ||    38
 Cast: Ensorcelled Hiber |     7 |     8 ||    15
       Corona            |     1 |       ||     1
       Confuse           |       |     2 ||     2
  Use: Scroll            |       |     1 ||     1
 Stab: Sleeping          |    12 |     6 ||    18
  Eat: Chunk             |     1 |     3 ||     4
Armor: Robe              |    24 |    19 ||    43
Dodge: Dodged            |    57 |    38 ||    95
